 Dungeon Crawl Stone Soup version 0.22.1-1-ga44c0e56f4 (webtiles) character file.

842 Nixze the Magician (level 7, 0/36 HPs)
             Began as a Deep Elf Venom Mage on Nov 5, 2018.
             Slain by a bullfrog zombie (5 damage)
             ... on level 5 of the Dungeon.
             The game lasted 00:13:12 (6137 turns).

Nixze the Magician (Deep Elf Venom Mage)            Turns: 6137, Time: 00:13:12

Health: 0/36       AC:  5    Str:  5    XL:     7   Next: 67%
Magic:  18/18      EV: 13    Int: 22    God:
Gold:   175        SH:  0    Dex: 15    Spells: 8/18 levels left

rFire    . . .     SeeInvis .   j - +0 hand axe
rCold    . . .     Gourm    .   (no shield)
rNeg     . . .     Faith    .   s - +0 leather armour
rPois    .         Spirit   .   A - +0 helmet
rElec    .         Reflect  .   (no cloak)
rCorr    .         Harm     .   (no gloves)
MR       .....                  h - +0 pair of boots
Stlth    ++........             (no amulet)
HPRegen  0.12/turn              (no ring)
MPRegen  0.16/turn              v - ring of wizardry

@: no status effects
A: no striking features
a: no special abilities


You were on level 5 of the Dungeon.
You were not hungry.

You visited 1 branch of the dungeon, and saw 5 of its levels.

You collected 175 gold pieces.

Inventory:

Hand Weapons
 j - a +0 hand axe (weapon)
Armour
 a - a +2 hat
 h - a +0 pair of boots (worn)
 s - a +0 leather armour (worn)
 A - a +0 helmet (worn)
Jewellery
 v - a ring of wizardry (right hand)
Wands
 w - a wand of flame (3)
 y - a wand of clouds (6)
Scrolls
 b - a scroll of magic mapping
 k - 2 scrolls of identify
 m - a scroll of enchant armour {unknown}
 n - a scroll of immolation {unknown}
 o - a scroll of random uselessness
 x - a scroll of fear {unknown}
 z - a scroll of noise {unknown}
Potions
 d - a potion of degeneration
 e - a potion of invisibility
 f - a potion of agility
 g - 2 potions of lignification {unknown}
 i - a potion of brilliance {unknown}
 l - a potion of ambrosia {unknown}
 p - a potion of flight {unknown}
 q - 2 potions of curing
 r - 2 potions of haste
 u - a potion of berserk rage {unknown}
 B - a potion of heal wounds {unknown}
Comestibles
 c - 3 rations


   Skills:
 + Level 4.0 Dodging
 - Level 2.4 Stealth
 + Level 6.3 Spellcasting
 + Level 4.7 Conjurations
 + Level 3.1 Air Magic
 + Level 5.7 Poison Magic


You had 8 spell levels left.
You knew the following spells:

 Your Spells              Type           Power        Failure   Level  Hunger
a - Sting                 Conj/Pois      ####         1%          1    None
b - Poisonous Vapours     Pois/Air       ####..       1%          2    None
c - Mephitic Cloud        Conj/Pois/Air  ####....     2%          3    #......
d - Olgreb's Toxic Radia  Pois           ####....     6%          4    ###....

Your spell library contained the following spells:

 Spells                   Type           Power        Failure   Level  Hunger
 Venom Bolt               Conj/Pois      ####......   19%         5    #####..


Dungeon Overview and Level Annotations

Branches:
Dungeon (5/15)             Temple (0/1) D:5

Altars:
Ashenzari
Elyvilon
Hepliaklqana
Kikubaaqudgha
Okawaru
Qazlal
Trog
Zin

Shops:
D:4 *[:


Message History

The bullfrog zombie is moderately damaged.
The bullfrog zombie barely misses you. The bullfrog zombie misses you.
You hit the bullfrog zombie.
The bullfrog zombie is heavily damaged.
The bullfrog zombie misses you. The bullfrog zombie hits you.
You hit the bullfrog zombie.
The bullfrog zombie is heavily damaged.
The bullfrog zombie closely misses you.
The bullfrog zombie hits you but does no damage.
You closely miss the bullfrog zombie.
The bullfrog zombie is heavily damaged.
The bullfrog zombie hits you.
You hit the bullfrog zombie.
The bullfrog zombie is heavily damaged.
The bullfrog zombie hits you.
* * * LOW HITPOINT WARNING * * *
The bullfrog zombie hits you.
* * * LOW HITPOINT WARNING * * *
The bullfrog zombie hits you.
You die...

#.........# ###.###...#########
#.##............#
#.#.......#####.# *******
######..........# #.# *,,,,,*
#..<............# #.#
*,***,**###.###...........# #.#
*,* *,,,,..,* #..........#####.#
*,***,****#.###@...............#
*,,,,,* #...Z...##...####.....
****,**** ######.####### #.####
,,,,,,,,******* #$# #.*
,***,*,,,,,,,,* #.# #,**** ,*
*,*,,*****,**#+#* *,,,,* ,*
*,*,,*** *,**,,,** *,**,* ,*
*,,,,,,* *,*,,,,,** **,**,* ,*
***,,*,***,,,,,,,,** **,,,,,,


You could see a bullfrog zombie.

Vanquished Creatures
  A wyvern (D:5)
  3 ogres (D:4)
  Blork the orc (D:5)
  A scorpion (D:4)
  A howler monkey (D:4)
  A bullfrog skeleton (D:4)
  An orc priest (D:4)
  Jessica (D:3)
  2 orc wizards (D:4)
  2 worker ants (D:4)
  4 adders
  An adder zombie (D:3)
  An adder skeleton (D:4)
  A dart slug (D:1)
  5 leopard geckos
  4 orcs
  A giant cockroach (D:1)
  6 hobgoblins
  4 jackals (D:2)
  3 quokkas (D:3)
  3 ball pythons
  9 bats
  3 frilled lizards
  5 goblins
  5 kobolds
  2 leopard gecko skeletons (D:4)
  A leopard gecko zombie (D:4)
  5 rats
77 creatures vanquished.

Notes
Turn   | Place    | Note
-------+----------+-------------------------------------------
     0 | D:1      | Nixze the Deep Elf Venom Mage began the quest for the Orb.
     0 | D:1      | Reached XP level 1. HP: 10/10 MP: 6/6
   239 | D:1      | Reached XP level 2. HP: 15/15 MP: 1/8
   365 | D:1      | Learned a level 2 spell: Poisonous Vapours
   954 | D:2      | Reached XP level 3. HP: 19/19 MP: 6/10
  1833 | D:2      | Noticed a phantom
  2173 | D:2      | Found a bloodstained altar of Trog.
  2175 | D:2      | Found a glowing silver altar of Zin.
  2175 | D:2      | Found a white marble altar of Elyvilon.
  2333 | D:3      | Reached skill level 4 in Spellcasting
  2670 | D:3      | Noticed Jessica
  2672 | D:3      | Killed Jessica
  2672 | D:3      | Reached XP level 4. HP: 24/24 MP: 7/12
  2788 | D:3      | Found a shattered altar of Ashenzari.
  3002 | D:3      | Learned a level 3 spell: Mephitic Cloud
  3389 | D:3      | Learned a level 4 spell: Olgreb's Toxic Radiance
  3407 | D:4      | Noticed an ogre
  3521 | D:4      | Found Qankahul's Book Emporium.
  3546 | D:4      | Reached XP level 5. HP: 6/28 MP: 2/13
  3795 | D:4      | Reached skill level 1 in Air Magic
  3881 | D:4      | Killed an ogre
  3881 | D:4      | Reached skill level 5 in Spellcasting
  3930 | D:4      | Reached XP level 6. HP: 32/32 MP: 6/15
  4087 | D:4      | Found an ancient bone altar of Kikubaaqudgha.
  4233 | D:4      | Found Maweh's General Store.
  4362 | D:4      | Reached skill level 5 in Poison Magic
  4561 | D:4      | Found Qarr's Armour Emporium.
  4939 | D:4      | Reached XP level 7. HP: 36/36 MP: 9/17
  4943 | D:4      | Found a hazy altar of Hepliaklqana.
  4945 | D:4      | Found an iron altar of Okawaru.
  4950 | D:4      | Found a stormy altar of Qazlal.
  5420 | D:5      | Entered Level 5 of the Dungeon
  5564 | D:5      | Noticed Blork the orc
  5571 | D:5      | Killed Blork the orc
  5571 | D:5      | Reached skill level 6 in Spellcasting
  5679 | D:5      | Noticed a wyvern
  5695 | D:5      | Killed a wyvern
  6137 | D:5      | Slain by a bullfrog zombie

Skill      XL: |  1  2  3  4  5  6  7 |
---------------+----------------------+-----
Conjurations   | 2 3 4 |  4.7
Poison Magic   | 4 5 |  5.7
Spellcasting   | 4 5 6 |  6.3
Air Magic      | 1 2 3 |  3.1
Dodging        | 3 4 |  4.0
Stealth        | |  2.4

Action                   |  1- 3 |  4- 6 |  7- 9 || total
-------------------------+-------+-------+-------++-------
Melee: Hand axe          |    65 |    38 |    23 ||   126
 Cast: Sting             |    42 |    13 |     8 ||    63
       Poisonous Vapours |    34 |    40 |    14 ||    88
       Olgreb's Toxic Ra |       |     3 |       ||     3
       Mephitic Cloud    |       |     3 |     2 ||     5
  Use: Scroll            |       |       |     8 ||     8
  Eat: Chunk             |     6 |     8 |     1 ||    15
       Ration            |       |       |     1 ||     1
Armor: Robe              |     1 |       |       ||     1
       Leather armour    |    29 |    12 |     6 ||    47
Dodge: Dodged            |    57 |    25 |    26 ||   108
